 Dungeon Crawl Stone Soup version 0.23.0-42-geed6394 (webtiles) character file.

Game seed: 10114407520838933604

740 Wobbly the Poker (level 7, -17/49 HPs)
             Began as an Octopode Abyssal Knight on Feb 28, 2019.
             Was a Believer of Lugonu.
             Demolished by an ogre
             ... wielding a +0 giant club
              (24 damage)
             ... on level 6 of the Dungeon.
             The game lasted 00:10:46 (5644 turns).

Wobbly the Poker (Octopode Abyssal Knight)          Turns: 5644, Time: 00:10:47

Health: -17/49     AC:  1    Str: 11    XL:     7   Next: 75%
Magic:  9/10       EV: 13    Int: 15    God:    Lugonu [**....]
Gold:   294        SH:  6    Dex: 13    Spells: 7/11 levels left

rFire    . . .     SeeInvis .   G - +0 spear (distort)
rCold    . . .     Gourm    .   c - +2 buckler
rNeg     . . .     Faith    .   q - +0 hat
rPois    .         Spirit   .   h - amulet of magic regeneration
rElec    .         Reflect  .   A - +2 ring of slaying
rCorr    .         Harm     .   (no ring)
MR       .....                  (no ring)
Stlth    +++.......             (no ring)
HPRegen  0.16/turn              (no ring)
MPRegen  0.37/turn              (no ring)
                                (no ring)
                                (no ring)

@: confusing touch
A: almost no armour, stealthy swim, amphibious, 8 rings, constrict 8, camouflage
1, gelatinous body 1
a: Depart the Abyss, Bend Space, Renounce Religion


You were on level 6 of the Dungeon.
You worshipped Lugonu.
Lugonu was pleased with you.
You were near starving.

You visited 1 branch of the dungeon, and saw 6 of its levels.
You visited the Abyss 1 time.

You collected 294 gold pieces.

Inventory:

Hand Weapons
 a - a +1 spear
 b - a +0 blowgun
 G - a +0 spear of distortion (weapon)
Missiles
 f - 10 tomahawks (quivered)
 g - 3 curare-tipped needles
 p - 31 poisoned needles
Armour
 c - a +2 buckler (worn)
 q - a +0 hat (worn)
 s - a +0 shield
Magical Staves
 r - an uncursed staff of summoning
Jewellery
 h - an amulet of magic regeneration (around mantle)
 A - a +2 ring of slaying (left tentacle)
 D - a cursed amulet of inaccuracy {unknown}
Wands
 w - a wand of polymorph (10)
 x - a wand of enslavement (9)
Scrolls
 d - 10 scrolls of identify {unknown}
 e - 3 scrolls of teleportation
 j - a scroll of magic mapping {unknown}
 l - a scroll of immolation {unknown}
 n - 3 scrolls of remove curse {unknown}
 y - a scroll of blinking {unknown}
 E - a scroll of enchant armour {unknown}
 F - a scroll of enchant weapon {unknown}
 H - a scroll of fear {unknown}
Potions
 i - 3 potions of haste {unknown}
 k - 2 potions of ambrosia {unknown}
 m - 2 potions of curing {unknown}
 t - a potion of might {unknown}
 u - a potion of agility {unknown}
 v - 3 potions of heal wounds {unknown}
 z - a potion of resistance {unknown}
 B - 2 potions of cancellation {unknown}
 C - a potion of flight {unknown}
Comestibles
 o - 8 rations


   Skills:
 + Level 4.5 Fighting
 + Level 5.1 Polearms
 - Level 2.7 Dodging
 - Level 1.4 Stealth
 * Level 2.8 Shields
 * Level 2.5 Spellcasting
 * Level 2.8 Hexes
 - Level 2.0 Invocations


You had 7 spell levels left.
You knew the following spells:

 Your Spells              Type           Power        Failure   Level  Hunger
a - Confusing Touch       Hex            ##....       8%          1    #......
b - Confuse               Hex            ##......     22%         3    ###....

Your spell library contained the following spells:

 Spells                   Type           Power        Failure   Level  Hunger
 Gell's Gravitas          Tloc           #.........   58%         3    ###....
 Petrify                  Tmut/Erth      #.......     94%         4    #####..
 Metabolic Englaciation   Hex/Ice        #.........   98%         5    ######.
 Yara's Violent Unravell  Hex/Tmut       #.........   98%         5    ######.


Dungeon Overview and Level Annotations

Branches:
Dungeon (6/15)
 Temple: D:4-7

Altars:
Kikubaaqudgha
Nemelex Xobeh
Wu Jian
Xom
Yredelemnul
Zin

Shops:
D:4 (

Annotations:
D:3 exclusion: downstairs


Innate Abilities, Weirdness & Mutations

You cannot wear most types of armour.
You are very stealthy in the water. (Stealth+)
You are amphibious.
You can wear up to eight rings at the same time.
You can use your tentacles to constrict eight enemies at once.
Your skin changes colour to match your surroundings (Stealth+).
Your rubbery body absorbs attacks. (AC +1, EV +1)


Message History

Attack whom?
Press: ? - help, Dir - move target cursor, f - orc
Aim: an orc, wielding a +0 club and wearing a +0 leather armour You reach to attack!
You barely miss the orc. You hit the orc but do no damage. You grab the orc.
The orc struggles to blink free from constriction.
You constrict the orc. The orc hits you with a +0 club.
You hit the ogre but do no damage.
Space bends around the ogre.
The ogre is moderately wounded.
You constrict the orc, but do no damage.
The orc closely misses you.
The ogre hits you with a +0 giant club!!
* * * LOW HITPOINT WARNING * * *
Casting: Confusing Touch (safe; 8% risk of failure)
Confirm with . or Enter, or press ? or * to list all spells.
Your tentacles begin to glow red.
You constrict the orc. The orc barely misses you.
You constrict the orc.
The ogre hits you with a +0 giant club!!
You die...

...
#.....#
..##.....#
# .......#
.. #.....#
...
##.<...#
....
#....###
.....
#.####
......##O#
......o@.#
......####
..... ....
... ##


You could see an ogre and an orc.

Vanquished Creatures
  3 ogres
  2 howler monkeys (D:4)
  4 orc wizards
  3 orc priests (D:4)
  A worker ant (D:5)
  5 adders
  3 adder zombies
  2 worms
  A dart slug (D:2)
  7 leopard geckos
  24 orcs
  3 ball pythons
  4 giant cockroaches
  5 goblins
  6 hobgoblins
  9 jackals
  4 bats
  3 frilled lizards (D:3)
  2 gnoll zombies (D:3)
  7 kobolds
  2 quokka skeletons (D:4)
  2 rats
102 creatures vanquished.

Notes
Turn   | Place    | Note
-------+----------+-------------------------------------------
     0 | Abyss:1  | Wobbly the Octopode Abyssal Knight began the quest for the
                  | Orb.
     0 | Abyss:1  | Reached XP level 1. HP: 16/16 MP: 2/2
    34 | Abyss:1  | Found a corrupted altar of Lugonu.
    78 | Abyss:1  | Found a corrupted altar of Lugonu.
   103 | Abyss:1  | Noticed an insubstantial wisp
   113 | Abyss:1  | Noticed an efreet
   115 | D:1      | Escaped the Abyss
   560 | D:1      | Reached XP level 2. HP: 21/21 MP: 3/3
   990 | D:2      | Found a shimmering altar of Xom.
  1028 | D:2      | Reached * piety under Lugonu
  1038 | D:2      | Noticed an angel
  1040 | D:2      | Found a glowing silver altar of Zin.
  1185 | D:2      | Reached skill level 1 in Stealth
  1199 | D:2      | Reached XP level 3. HP: 26/26 MP: 4/4
  1571 | D:2      | Learned a level 1 spell: Confusing Touch
  1977 | D:3      | Reached XP level 4. HP: 31/31 MP: 5/5
  2072 | D:3      | Reached skill level 3 in Polearms
  2176 | D:3      | Reached skill level 1 in Shields
  2360 | D:3      | Found a basalt altar of Yredelemnul.
  2735 | D:4      | Reached ** piety under Lugonu
  2748 | D:4      | Reached skill level 1 in Hexes
  2756 | D:4      | Noticed an ogre
  2783 | D:4      | Reached skill level 1 in Spellcasting
  2783 | D:4      | Reached XP level 5. HP: 28/37 MP: 6/6
  3440 | D:4      | Reached XP level 6. HP: 29/43 MP: 8/8
  3801 | D:4      | Reached skill level 4 in Polearms
  3899 | D:4      | Learned a level 3 spell: Confuse
  3953 | D:4      | Reached XP level 7. HP: 46/48 MP: 8/10
  4119 | D:4      | Found an ancient bone altar of Kikubaaqudgha.
  4207 | D:4      | Found Liycwuh's Antique Weapon Boutique.
  4306 | D:5      | Entered Level 5 of the Dungeon
  4701 | D:5      | Reached skill level 5 in Polearms
  5173 | D:5      | Found an ornate altar of the Wu Jian Council.
  5173 | D:5      | Found a sparkling altar of Nemelex Xobeh.
  5644 | D:6      | Demolished by an ogre

Skill      XL: |  1  2  3  4  5  6  7 |
---------------+----------------------+-----
Stealth        | 1 |  1.4
Polearms       | 3 4 5 |  5.1
Shields        | 1 2 |  2.8
Hexes          | 1 2 |  2.8
Spellcasting   | 1 2 |  2.5
Fighting       | 4 |  4.5
Dodging        | |  2.7
Invocations    | |  2.0

Action                   |  1- 3 |  4- 6 |  7- 9 || total
-------------------------+-------+-------+-------++-------
Melee: Spear             |    81 |   134 |    72 ||   287
       Constrict         |    15 |    31 |    18 ||    64
       Tentacles         |    10 |    23 |    17 ||    50
 Cast: Confusing Touch   |       |     3 |     7 ||    10
Invok: Depart the Abyss  |     1 |       |       ||     1
  Use: Scroll            |       |     1 |       ||     1
 Stab: Sleeping          |     9 |     6 |     2 ||    17
       Distracted        |     1 |       |     1 ||     2
       Confused          |       |     3 |     5 ||     8
  Eat: Chunk             |     3 |     7 |     3 ||    13
Armor: Skin              |     5 |     1 |     1 ||     7
Dodge: Dodged            |    22 |    48 |    13 ||    83
Block: Buckler           |     7 |    23 |    10 ||    40
